AoeStats
← Vimabuma

Arabia

510255157Analyzed
1v1 RM · 1d ago on Sep 30, 2026· 31m 35s· 2 players
Game mode
Random Map
Map size
Tiny (2 player)
Population
200
Speed
Normal
Resources
Standard
Victory
Conquest
Starting age
Dark Age
Ending age
Imperial Age
RankedLock teamsTeams togetherTeam positionsShared explorationLock speedFull tech treeHidden civsTurbo modeCheats
Victory
Defeat
🇨🇴 Koreans · Colombia
830
+15
🇦🇷 Spanish · Argentina
815
-15
criskush
8:08 Loom
10:11 Feudal Age
14:32 Double-Bit Axe
19:31 Fletching
19:52 Forging
24:27 Castle Age
29:41 Scale Barding Armor
Vimabuma
1:58 Loom
12:45 Feudal Age
13:51 Double-Bit Axe
14:06 Gold Mining
15:26 Fletching
18:09 Stone Mining
20:08 Horse Collar
23:36 Wheelbarrow
26:28 Castle Age
24:59 Scale Mail Armor
26:46 Wheelbarrow
26:54 Crossbowman
27:36 Bodkin Arrow
30:06 Elite Skirmisher
Connection lost

Rejoining the realm…

Still unreachable

The connection could not be restored.

Session expired

The server has moved on; the page needs a fresh start.